 Dungeon Crawl Stone Soup version 0.24-a0-278-gefa1973 (webtiles) character file.

Game seed: 1665353666266353128

21084 zishaf the Party-goer (level 12, 0/65 HPs)
             Began as a Vine Stalker Earth Elementalist on Apr 29, 2019.
             Was a Follower of Uskayaw.
             Slain by a six-headed hydra (1 damage)
             ... on level 3 of the Lair of Beasts.
             The game lasted 00:41:21 (12165 turns).

zishaf the Party-goer (VSEE)                       Turns: 12165, Time: 00:41:22

Health: 0/65       AC: 20    Str: 16    XL:     12   Next: 86%
Magic:  0/19       EV: 12    Int: 15    God:    Uskayaw [*.....]
Gold:   720        SH:  0    Dex: 19    Spells: 14/15 levels left

rFire    + . .     SeeInvis .   b - +1 dagger (venom)
rCold    . . .     Gourm    .   (no shield)
rNeg     . . .     Faith    .   S - +4 ring mail {rF+}
rPois    .         Spirit   +   s - +2 helmet
rElec    .         Reflect  .   L - +0 cloak
rCorr    +         Harm     .   g - +2 pair of gloves
MR       +....                  x - +0 pair of boots
Stlth    ++........             e - amulet of regeneration
HPRegen  1.40/turn              B - ring of resist corrosion
MPRegen  0.16/turn              m - +4 ring of dexterity

@: lethally poisoned (0 -> -2), contaminated, glowing
A: fangs 3, regeneration 2, magic shield, antimagic bite, no potion heal 3, rot
immunity
a: Stomp, Renounce Religion


You were on level 3 of the Lair of Beasts.
You worshipped Uskayaw.
Uskayaw was aware of your devotion.
You were not hungry.

You visited 3 branches of the dungeon, and saw 15 of its levels.
You also visited: Volcano.

You collected 758 gold pieces.
You spent 38 gold pieces at shops.

Inventory:

Hand Weapons
 a - a +2 fustibalus of velocity
 b - a +1 dagger of venom (weapon)
 i - the +11 plutonium sword {*Contam Stlth-}
   (You found it on level 5 of the Dungeon)

   It causes magical contamination when unequipped.
   It makes you less stealthy.
 w - a +1 rapier of speed
 A - the +0 halberd of Valuable Assets {freeze, rC+ MR++ Int+2}
   (You found it on level 3 of the Lair of Beasts)

   It has been specially enchanted to freeze those struck by it, causing extra
   injury to most foes and up to half again as much damage against particularly
   susceptible opponents.
   It can also slow down cold-blooded creatures.
   It affects your intelligence (+2).
   It protects you from cold.
   It affects your resistance to hostile enchantments.
 M - a +0 blowgun
Missiles
 f - 335 stones
 k - 17 sling bullets
 o - 2 throwing nets (quivered)
 I - 10 curare-tipped needles
Armour
 g - a +2 pair of gloves (worn)
 n - a +0 shield
 s - a +2 helmet (worn)
 x - a +0 pair of boots (worn)
 L - a +0 cloak (worn)
 O - a +0 crystal plate armour
 S - a +4 ring mail of fire resistance (worn)
Jewellery
 e - an amulet of regeneration (around neck)
 j - an uncursed ring of stealth
 m - a +4 ring of dexterity (right hand)
 B - a ring of resist corrosion (left hand)
 P - an uncursed ring of protection from fire
Wands
 c - a wand of disintegration (14)
 D - a wand of digging (5)
 F - a wand of iceblast (3)
 G - a wand of enslavement (6)
Scrolls
 q - 7 scrolls of teleportation
 u - 2 scrolls of fear
 y - 2 scrolls of blinking
 C - a scroll of summoning
 E - 4 scrolls of enchant weapon
Potions
 h - 2 potions of brilliance
 l - 5 potions of curing
 p - 2 potions of agility
 r - 3 potions of haste
 v - 3 potions of might
 H - 2 potions of lignification
 N - a potion of flight
 Q - a potion of cancellation
Miscellaneous
 J - a lamp of fire (inert)
Comestibles
 d - 28 rations
 t - 5 chunks of flesh


   Skills:
 + Level 8.4 Fighting
 + Level 8.3 Short Blades
 + Level 7.6 Armour
 - Level 2.2 Dodging
 - Level 7.1 Stealth
 + Level 8.2 Shields
 - Level 2.1 Spellcasting
   Level 1.0 Transmutations
 - Level 3.6 Earth Magic
 + Level 9.0 Invocations


You had 14 spell levels left.
You knew the following spells:

 Your Spells              Type           Power        Failure   Level  Hunger
a - Sandblast             Erth           ##....       9%          1    #......

Your spell library contained the following spells:

 Spells                   Type           Power        Failure   Level  Hunger
 Passwall                 Tmut/Erth      #.......     22%         2    ###....
 Beastly Appendage        Tmut           #.....       26%         1    #......
 Corona                   Hex            #......      36%         1    #......
 Sticks to Snakes         Tmut           #.......     36%         2    ###....
 Stone Arrow              Conj/Erth      #.....       47%         3    ###....
 Spider Form              Tmut/Pois      #.........   67%         3    ###....
 Confuse                  Hex            #.......     75%         3    ###....
 Dazzling Spray           Conj/Hex       #.....       75%         3    ###....
 Spectral Weapon          Hex/Chrm       #.......     75%         3    ###....
 Petrify                  Tmut/Erth      #.......     82%         4    #####..
 Lee's Rapid Deconstruct  Erth           ##........   93%         5    ######.
 Ice Form                 Ice/Tmut       #.......     97%         4    #####..
 Blade Hands              Tmut           #.........   100%        5    ######.
 Dispel Undead            Necr           #.......     100%        5    ######.
 Summon Mana Viper        Hex/Summ       #.......     100%        5    ######.


Dungeon Overview and Level Annotations

Branches:
Dungeon (11/15)            Temple (1/1) D:4            Lair (3/6) D:10
 Shoals (0/4) Lair:2        Snake (0/4) Lair:2          Orc (0/2) D:10

Altars:
Cheibriados
Dithmenos
Elyvilon
Fedhas
Gozag
Hepliaklqana
Makhleb
Nemelex Xobeh
Okawaru
Qazlal
Ru
Sif Muna
Trog
Uskayaw
Vehumet
Wu Jian
Xom
Yredelemnul
Zin
The Shining One
Jiyva

Shops:
D:7 }   D:9 *

Annotations:
D:5 dig to sword
Lair:3 3 runed translucent doors, Gyemaz's ghost, journeyman DEWz


Innate Abilities, Weirdness & Mutations

You have razor-sharp teeth.
You heal very quickly.
When hurt, damage is shared between your health and your magic reserves.
Your bite disrupts and absorbs the magic of your enemies.
Potions cannot restore your health.
You are immune to rotting.


Message History

Keep equipping yourself?
The six-headed hydra bites you! x2; The six-headed hydra bites you.
The six-headed hydra bites you but does no damage. x2
The spiny frog stings you!
You start putting on your armour.
You continue putting on your +0 shield.
The spiny frog stings you. The six-headed hydra bites you. x2
The six-headed hydra bites you but does no damage. x3
The six-headed hydra bites you.
* * * LOW HITPOINT WARNING * * *
You continue putting on your +0 shield.
The spiny frog stings you!!
* * * LOW HITPOINT WARNING * * *
You are poisoned.
The spiny frog poisons you!
The six-headed hydra bites you but does no damage.
The six-headed hydra bites you.
* * * LOW HITPOINT WARNING * * *
The six-headed hydra bites you but does no damage.
The six-headed hydra barely misses you. The six-headed hydra bites you.
You die...

#............# ##..##.##.##
#............# #....>..#..#
#...........## #....)..#..##
#............# #...........#
...........#####.........###
##...........P#..........#
..........##..........#
###........DF.........#
#.#..#...@.........### ###
###.##.............#.#
..#### ## #.#.............#
...#.# ####............#
....## ###P............#
....# ##.#...#.#.#...#.#
...## #P..#..######).###
.### ##....P## #### ##
#......##


You could see a six-headed hydra and a spiny frog.

Vanquished Creatures
  Gastronok (D:9)
  A red draconian (Volcano)
  A hydra (Lair:3)
  A centaur warrior (Volcano)
  Urug (Lair:1)
  Sonja (Lair:1)
  The ghost of Weisseritter the Chopper, a novice FoFi of Gozag (D:9)
  An oklob plant (Lair:2)
  A black mamba (Lair:1)
  3 merfolk sirens (Lair:2)
  5 spiny frogs
  A komodo dragon (Lair:3)
  3 yaktaurs (Volcano)
  Grinder (D:6)
  5 polar bears
  A merfolk (Lair:2)
  Prince Ribbit (D:6)
  6 hippogriffs
  3 blink frogs (Lair:1)
  3 wyverns
  5 yaks (Lair:1)
  A spriggan (D:10)
  Eustachio (D:5)
  6 fire bats (Volcano)
  A basilisk (Lair:2)
  Menkaure (D:7)
  A hungry ghost (D:9)
  The ghost of robertstho the Sneak, an amateur OpSk (D:4)
  2 nagas (Lair:2)
  A water moccasin (Lair:3)
  2 hell hounds (Lair:2)
  Duvessa (D:6)
  5 porcupines
  4 orc warriors
  3 ice beasts (D:10)
  A black bear (D:7)
  3 phantoms
  6 wolves (Lair:2)
  5 centaurs
  3 crocodiles
  Blork the orc (D:5)
  A wyvern zombie (D:9)
  A gnoll sergeant (D:5)
  9 bullfrogs
  Dowan (D:6)
  4 scorpions
  A wight (D:4)
  An electric eel (D:10)
  5 lava snakes (Volcano)
  A crimson imp (D:9)
  A quasit (D:5)
  A bullfrog zombie (D:7)
  A hound (D:5)
  2 orc priests
  3 jellies
  A bullfrog skeleton (D:7)
  A gnoll shaman (D:10)
  A centaur skeleton (D:4)
  An iguana (D:4)
  2 orc wizards
  7 worker ants
  A hound zombie (D:7)
  3 hound skeletons
  Robin (D:2)
  A howler monkey zombie (D:11)
  10 gnolls
  7 adders
  2 shadow imps
  A howler monkey simulacrum (D:10)
  2 white imps (D:10)
  An ufetubus (D:10)
  An adder zombie (D:7)
  3 adder skeletons
  4 worms
  4 dart slugs
  3 leopard geckos
  22 orcs
  2 giant cockroaches
  11 goblins
  6 hobgoblins
  3 jackals (D:7)
  5 quokkas
  3 ball pythons
  6 bats
  3 frilled lizards
  5 kobolds
  7 rats
  A bush (Lair:2)
258 creatures vanquished.

Notes
Turn   | Place    | Note
-------+----------+-------------------------------------------
     0 | D:1      | zishaf the Vine Stalker Earth Elementalist began the quest
                  | for the Orb.
     0 | D:1      | Reached XP level 1. HP: 9/9 MP: 4/4
   317 | D:1      | Reached XP level 2. HP: 14/14 MP: 6/6
   714 | D:1      | Reached XP level 3. HP: 17/17 MP: 7/7
  1090 | D:2      | Reached skill level 1 in Fighting
  1129 | D:2      | Noticed Robin
  1163 | D:2      | Reached skill level 1 in Armour
  1163 | D:2      | Gained mutation: Your natural rate of healing is unusually
                  | fast. [Vine Stalker growth]
  1163 | D:2      | Reached XP level 4. HP: 1/22 MP: 0/8
  1166 | D:2      | Killed Robin
  2040 | D:3      | Reached XP level 5. HP: 21/25 MP: 6/9
  2464 | D:4      | Got a smoking quarterstaff
  2565 | D:4      | Found a staircase to the Ecumenical Temple.
  2582 | Temple   | Entered the Ecumenical Temple
  2615 | Temple   | Became a worshipper of Uskayaw the Reveler
  2651 | D:4      | Reached * piety under Uskayaw
  2866 | D:4      | Reached ** piety under Uskayaw
  2867 | D:4      | Reached skill level 1 in Short Blades
  2869 | D:4      | Found a glowing golden altar of the Shining One.
  2958 | D:4      | Reached skill level 1 in Invocations
  2958 | D:4      | Reached XP level 6. HP: 30/30 MP: 8/10
  2979 | D:4      | Found a runed translucent door.
  2981 | D:4      | Noticed robertstho's ghost (amateur OpSk)
  3023 | D:4      | Killed robertstho's ghost
  3023 | D:4      | Reached skill level 1 in Shields
  3231 | D:5      | Entered Level 5 of the Dungeon
  3232 | D:5      | Found the +11 plutonium sword {*Contam Stlth-}
  3232 | D:5      | Noticed Eustachio
  3232 | D:5      | Noticed an orc warrior
  3232 | D:5      | Noticed an orc warrior
  3232 | D:5      | Noticed Blork the orc
  3433 | D:5      | Reached XP level 7. HP: 21/35 MP: 11/11
  3478 | D:5      | Reached *** piety under Uskayaw
  3484 | D:5      | Reached skill level 2 in Invocations
  3680 | D:5      | Reached skill level 5 in Stealth
  3786 | D:5      | Found a bloodstained altar of Trog.
  3916 | D:5      | Found a sacrificial altar of Ru.
  4054 | D:5      | Killed Blork the orc
  4120 | D:5      | Gained mutation: You have razor-sharp teeth. [Vine Stalker
                  | growth]
  4120 | D:5      | Reached XP level 8. HP: 32/40 MP: 7/12
  4192 | D:5      | Killed Eustachio
  4192 | D:5      | Reached skill level 3 in Invocations
  4484 | D:6      | Found a deep blue altar of Sif Muna.
  4643 | D:6      | Noticed Grinder
  4665 | D:6      | Killed Grinder
  4760 | D:6      | Noticed Duvessa
  4762 | D:6      | Noticed Dowan
  4775 | D:6      | Killed Duvessa
  4782 | D:6      | Killed Dowan
  4858 | D:6      | Noticed Prince Ribbit
  4862 | D:6      | Killed Prince Ribbit
  4862 | D:6      | Reached skill level 4 in Invocations
  4862 | D:6      | Reached XP level 9. HP: 45/45 MP: 13/13
  5213 | D:7      | Noticed Menkaure
  5222 | D:7      | Killed Menkaure
  5229 | D:7      | Reached **** piety under Uskayaw
  5447 | D:7      | Found a glowing silver altar of Zin.
  5558 | D:7      | Found Atwadghu's Gadget Shoppe.
  5979 | D:8      | Reached skill level 5 in Invocations
  6205 | D:9      | Reached skill level 5 in Fighting
  6238 | D:9      | Reached XP level 10. HP: 38/51 MP: 11/14
  6314 | D:9      | Noticed Gastronok
  6403 | D:9      | Found a runed translucent door.
  6452 | D:9      | Found Anih's Assorted Antiques.
  6455 | D:9      | Bought a scroll labeled YPREHE YDAJAA for 19 gold pieces
  6455 | D:9      | Bought a scroll labeled WOKAUMIETO for 19 gold pieces
  6568 | D:9      | Reached skill level 5 in Short Blades
  6854 | D:9      | Killed Gastronok
  6854 | D:9      | Reached skill level 5 in Armour
  6854 | D:9      | Reached skill level 5 in Shields
  6854 | D:9      | Reached skill level 6 in Invocations
  7141 | D:9      | Noticed Weisseritter's ghost (novice FoFi)
  7159 | D:9      | Killed Weisseritter's ghost
  7166 | D:9      | Identified Xeun's Grimoire of Captivating Evil Arts
  7203 | D:10     | Entered Level 10 of the Dungeon
  7205 | D:10     | Found a staircase to the Lair.
  7354 | D:10     | Found a staircase to the Orcish Mines.
  7492 | D:10     | Reached XP level 11. HP: 41/56 MP: 9/16
  8164 | D:11     | Noticed a red ugly thing
  8184 | D:11     | Noticed a cyclops
  8247 | Lair:1   | Entered Level 1 of the Lair of Beasts
  8272 | Lair:1   | Reached skill level 7 in Invocations
  8361 | Lair:1   | Noticed Sonja
  8368 | Lair:1   | Killed Sonja
  8448 | Lair:1   | Noticed Urug
  8617 | Lair:1   | Killed Urug
  9521 | Lair:2   | Found a dark tunnel.
  9552 | Volcano  | Entered a volcano
  9598 | Volcano  | Gained mutation: You heal very quickly. [Vine Stalker
                  | growth]
  9598 | Volcano  | Reached XP level 12. HP: 62/63 MP: 18/18
  9600 | Volcano  | Reached skill level 8 in Invocations
  9809 | Volcano  | Noticed a red draconian
  9818 | Volcano  | Noticed a centaur warrior
  9821 | Volcano  | Killed a red draconian
  9821 | Volcano  | Reached ***** piety under Uskayaw
  9844 | Volcano  | Killed a centaur warrior
  9867 | Volcano  | Found a burning altar of Makhleb.
  9908 | Volcano  | Found a burning altar of Makhleb.
 10135 | Lair:2   | Found a staircase to the Snake Pit.
 10667 | Lair:2   | Found a staircase to the Shoals.
 10965 | Lair:2   | Found a blossoming altar of Fedhas.
 11366 | Lair:3   | Found a runed translucent gate.
 11366 | Lair:3   | Found a runed translucent gate.
 11367 | Lair:3   | Found a runed translucent gate.
 11367 | Lair:3   | Noticed Gyemaz's ghost (journeyman DEWz)
 11369 | Lair:3   | Found a viscous altar of Jiyva.
 11369 | Lair:3   | Noticed a death ooze
 11474 | Lair:3   | Noticed a five-headed hydra
 11495 | Lair:3   | Killed a five-headed hydra
 11495 | Lair:3   | Reached skill level 9 in Invocations
 11578 | Lair:3   | Found an iron altar of Okawaru.
 11597 | Lair:3   | Got a crystal halberd
 11804 | D:5      | Identified the cursed +0 halberd of Valuable Assets
                  | {freeze, rC+ MR++ Int+2} (You found it on level 3 of the
                  | Lair of Beasts)
 12144 | Lair:3   | Noticed a five-headed hydra
 12165 | Lair:3   | HP: 1/65 [six-headed hydra (4)]
 12165 | Lair:3   | Slain by a six-headed hydra

Levels and vault maps discovered:
D:1:      dpeg_arrival_simpleton_c, layout_basic
D:2:      layout_basic, first_ration, uniq_robin
D:3:      layout_basic
D:4:      layout_loops_ring, minmay_temple_entry_grid,
          ebering_ghost_reflecting_pool, lemuel_tele_altar
D:5:      layout_loops_ring, kennysheep_little_box, basic_altar, sword_in_stone,
          uniq_blork_the_orc
D:6:      layout_cave_pods, lemuel_altar_in_water, uniq_grinder, uniq_duvessa,
          uniq_prince_ribbit1
D:7:      layout_cave_pools, basic_altar, serial_shops, nicolae_shop_stone,
          uniq_menkaure
D:8:      layout_cave_pools
D:9:      layout_basic, serial_shops, shop, ebering_ghost_reflecting_pool,
          uniq_gastronok
D:10:     layout_irregular_city, lair_entry_dummy, orc_0_dummy, serial_ice,
          serial_ice_o, serial_ice_l, serial_ice_e, serial_ice_n, serial_ice_d,
          serial_ice_g, the_bakery, kennysheep_generic_room_5
D:11:     layout_basic, kb_rosetta, uniq_fannar
Temple:   compressed_dpeg_circular_temple
Lair:1:   layout_regular_city, uniq_sonja, uniq_urug
Lair:2:   layout_cave_pods, elwin_shoals_entry_stream,
          guppyfry_snake_entry_island, enter_volcano_3, minmay_holes,
          tgw_fedhas, infiniplex_staircase_pool_2, lemuel_fruit_tree
Lair:3:   layout_cave_pods, gammafunk_ghost_ooze, basic_altar

Skill      XL: |  1  2  3  4  5  6  7  8  9 10 11 12 |
---------------+-------------------------------------+-----
Stealth        | 3 4 5 6 7 |  7.1
Fighting       | 1 2 3 4 5 6 7 8 |  8.4
Dodging        | 2 |  2.2
Armour         | 1 2 3 4 5 6 7 |  7.6
Short Blades   | 1 2 3 4 6 7 8 |  8.3
Invocations    | 1 2 4 5 6 7 9 |  9.0
Shields        | 1 2 3 4 5 7 8 |  8.2
Spellcasting   | |  2.1
Transmutations | |  1.0
Earth Magic    | |  3.6

Action                   |  1- 3 |  4- 6 |  7- 9 | 10-12 || total
-------------------------+-------+-------+-------+-------++-------
Melee: Unarmed           |    41 |       |       |       ||    41
       Bite              |    17 |    37 |    99 |   276 ||   429
       Short sword       |    40 |     3 |       |       ||    43
       Dagger            |       |   199 |   272 |   661 ||  1132
       Rapier            |       |       |    26 |     5 ||    31
       Triple sword      |       |       |       |     4 ||     4
 Fire: Hunting sling     |    26 |     8 |    20 |       ||    54
       Fustibalus        |       |       |       |    84 ||    84
Throw: Throwing net      |       |       |       |     1 ||     1
 Cast: Sandblast         |     8 |     2 |       |       ||    10
Invok: Stomp             |       |     1 |       |     5 ||     6
Evoke: Sack of spiders   |       |       |       |     4 ||     4
       Wand              |       |       |       |     4 ||     4
       Lamp of fire      |       |       |       |     1 ||     1
  Use: Potion            |     2 |     1 |     1 |       ||     4
       Scroll            |       |     9 |     2 |    11 ||    22
 Stab: Sleeping          |     2 |     5 |    16 |    19 ||    42
       Paralysed         |       |       |     5 |    20 ||    25
  Eat: Chunk             |       |     7 |    10 |    16 ||    33
       Ration            |       |       |       |     2 ||     2
Armor: Robe              |     5 |       |       |       ||     5
       Ring mail         |    37 |    52 |   111 |   105 ||   305
       Leather armour    |       |       |       |    81 ||    81
       Chain mail        |       |       |       |    61 ||    61
Dodge: Dodged            |    54 |    77 |   115 |   199 ||   445
Block: Shield            |       |       |    89 |   294 ||   383

Table legend:
 A = Non-vault XP
 B = Vault XP
 C = Vault XP percentage of total XP
 D = Non-vault monster count
 E = Vault monster count
 F = Vault count percentage of total count
                 A         B        C        D         E       F
            +---------+---------+-------+---------+---------+-------
      Total |   14460 |   15661 |  52.0 |     193 |      64 |  24.9
            +---------+---------+-------+---------+---------+-------
        D:1 |      38 |       0 |   0.0 |      18 |       0 |   0.0
        D:2 |      32 |      35 |  52.2 |      10 |      11 |  52.4
        D:3 |      89 |       0 |   0.0 |      18 |       0 |   0.0
        D:4 |     186 |     224 |  54.6 |       7 |       2 |  22.2
        D:5 |     375 |     557 |  59.8 |      18 |       4 |  18.2
        D:6 |     291 |     796 |  73.2 |       8 |       4 |  33.3
        D:7 |     571 |     172 |  23.1 |      15 |       1 |   6.2
        D:8 |     984 |       0 |   0.0 |      15 |       0 |   0.0
        D:9 |     944 |    3028 |  76.2 |      24 |       2 |   7.7
       D:10 |    1095 |    1501 |  57.8 |      14 |      11 |  44.0
       D:11 |      49 |       0 |   0.0 |       2 |       0 |   0.0
     Lair:1 |    4766 |    1618 |  25.3 |      21 |       2 |   8.7
     Lair:2 |    3062 |    2831 |  48.0 |      17 |       9 |  34.6
     Lair:3 |    1978 |       0 |   0.0 |       6 |       0 |   0.0
    Volcano |       0 |    4899 | 100.0 |       0 |      18 | 100.0
            +---------+---------+-------+---------+---------+-------
